Map: Kairos Junction LE

Players

Lambo - Winner!

  • Race: Zerg Zerg
  • League: Grandmaster
  • Spawn Location: 11:00

Bioice

  • Race: Zerg Zerg
  • League: Grandmaster
  • Spawn Location: 5:00

VOD

Have the link to the VOD?

Description

Time

  • Played on: Dec. 28, 2018, 1:23 p.m.
  • Length: 6:03
Show
View Real Time Build Order
Export as new Build Order

Lambo Zerg - Winner!

Build Orders: Pool First 

Get SALT Encoding   

  12  0:18  Spawning Pool  
  11  0:21  Drone  
  11  0:25  Drone  
  13  0:30  Drone  
  14  0:39  Overlord  
  14  1:05  Zergling x6  
  17  1:16  Zergling x2  
  17  1:18  Hatchery  
  17  1:26  Zergling x2  
  18  1:33  Queen  
  18  1:38  Drone  
  21  1:50  Overlord  
  21  1:58  Drone  
  22  2:08  Queen  
  22  2:09  Drone  
  25  2:22  Drone  
  26  2:29  Queen  
  24  2:32  Drone x2  
  28  2:41  Drone  
  28  2:43  Drone  
  30  2:46  Queen  
  32  2:51  Overlord  
  32  2:56  Drone x2  
  34  2:59  Drone  
  35  3:12  Drone x3  
  38  3:15  Drone  
  38  3:17  Extractor  
  38  3:20  Extractor, Drone  
  38  3:23  Drone  
  38  3:24  Overlord  
  39  3:27  Drone x2  
  39  3:32  Drone  
  42  3:39  Evolution Chamber, Roach Warren  
  42  3:41  Drone  
  40  3:44  Extractor  
  40  3:47  Queen  
  41  3:49  Drone  
  41  3:53  Overlord  
  42  3:56  Drone  
  42  3:57  Drone  
  44  4:04  Metabolic Boost  
  44  4:05  Drone  
  44  4:06  Drone  
  44  4:08  Drone  
  47  4:13  Overlord  
  47  4:20  Roach  
  49  4:26  Roach x2  
  49  4:28  Roach  
  55  4:35  Roach x3  
  61  4:41  Roach x2  
  65  4:47  Roach  
  65  4:49  Overlord  
  65  4:51  Overlord  
  67  4:59  Overlord  
  67  5:08  Ravager x2, Zergling x2  
  67  5:09  Zergling x8  
  67  5:12  Zergling x2  
  75  5:15  Zergling x2  
  75  5:19  Ravager  
  77  5:21  Queen  
  77  5:22  Overlord  
  77  5:27  Ravager  
  77  5:28  Zergling x8  
  84  5:35  Zergling x2  
  84  5:37  Ravager  
  84  5:38  Zergling x2  
Show
View Real Time Build Order
Export as new Build Order

Bioice Zerg 

Build Orders: Hatch First 

Get SALT Encoding   

  12  0:01  Drone  
  13  0:13  Overlord  
  13  0:17  Drone  
  14  0:32  Drone x2  
  16  0:48  Hatchery  
  15  0:54  Drone  
  17  0:57  Drone  
  17  1:00  Drone  
  18  1:08  Extractor  
  17  1:15  Spawning Pool  
  17  1:17  Drone  
  17  1:20  Drone  
  18  1:33  Drone  
  19  1:41  Drone  
  20  2:02  Queen  
  20  2:03  Zergling x6  
  27  2:11  Zergling x2  
  25  2:34  Hatchery  
  24  2:39  Overlord  
  24  2:41  Overlord  
  24  2:57  Drone x2  
  26  2:58  Drone  
  26  3:01  Lair  
  27  3:08  Drone  
  27  3:12  Extractor  
  27  3:14  Drone  
  27  3:16  Drone  
  29  3:22  Drone  
  29  3:24  Drone  
  31  3:40  Drone  
  32  3:45  Drone  
  32  3:47  Drone x3  
  36  3:51  Drone  
  37  3:59  Drone x2  
  39  4:05  Spire  
  39  4:08  Drone  
  39  4:09  Drone  
  40  4:20  Baneling Nest  
  40  4:21  Overlord  
  40  4:23  Drone x2  
  41  4:25  Drone  
  41  4:27  Drone  
  43  4:31  Extractor  
  43  4:32  Extractor  
  43  4:34  Overlord  
  43  4:40  Spine Crawler  
  43  4:44  Spine Crawler  
  41  4:47  Spine Crawler  
  41  4:50  Spine Crawler  
  39  4:57  Drone x2  
  39  4:58  Drone x2  
  39  4:59  Drone x2  
  46  5:00  Drone  
  46  5:04  Overlord  
  47  5:09  Queen  
  48  5:16  Spine Crawler  
  48  5:20  Mutalisk x2  
  51  5:26  Overlord  
  51  5:29  Spine Crawler  
  51  5:32  Spine Crawler  
Tags
 
Add a new tag
Caveats
  • Supply blocks, unpowered buildings, or Contaminate may cause inaccurate times.
  • Supply counts are checked every 10 seconds.